AoeStats
← maNIC

Arabia

509599195Analyzed
1v1 RM · 6d ago on Sep 27, 2026· 49m 49s· 2 players
Game mode
Random Map
Map size
Tiny (2 player)
Population
200
Speed
Normal
Resources
Standard
Victory
Conquest
Starting age
Dark Age
Ending age
Imperial Age
RankedLock teamsTeams togetherTeam positionsShared explorationLock speedFull tech treeHidden civsTurbo modeCheats
Victory
Defeat
🇹🇷 Poles · Türkiye
456
+18
🇺🇸 Franks · United States
489
-18
maNIC
7:35 Loom
11:44 Feudal Age
13:17 Wheelbarrow
12:32 Man-at-Arms
13:29 Double-Bit Axe
15:23 Arson
16:28 Horse Collar
23:02 Castle Age
24:04 Husbandry
24:15 Bloodlines
32:34 Stone Mining
32:35 Gold Mining
38:10 Imperial Age
36:11 Elite Skirmisher
40:16 Bow Saw
46:35 Szlachta Privileges
46:05 Cavalier
49:34 Pikeman
50:15 Squires
-- .- -. .. ... ....
9:30 Loom
11:19 Feudal Age
12:26 Double-Bit Axe
16:58 Forging
16:54 Scale Barding Armor
20:28 Gold Mining
22:56 Castle Age
23:47 Husbandry
25:02 Scale Mail Armor
26:24 Chain Barding Armor
30:12 Iron Casting
30:45 Elite Skirmisher
32:28 Stone Mining
33:56 Gold Shaft Mining
38:01 Chain Mail Armor
40:51 Wheelbarrow
42:49 Imperial Age
41:17 Murder Holes
44:21 Conscription
43:51 Onager
48:02 Blast Furnace
47:38 Plate Barding Armor
46:29 Cavalier
Connection lost

Rejoining the realm…

Still unreachable

The connection could not be restored.

Session expired

The server has moved on; the page needs a fresh start.